Map: Newkirk Precinct TE (Void)

Players

FeaR

  • Race: Protoss Protoss
  • Spawn Location: 5:00

PandaBearMe - Winner!

  • Race: Zerg Zerg
  • Spawn Location: 7:00

Event: WCS Austin 2017

VOD

Have the link to the VOD?

Description

Time

  • Played on: April 28, 2017, 5:21 p.m.
  • Length: 10:21

All games in this series

Show
View Real Time Build Order
Export as new Build Order

FeaR Protoss 

Build Orders: Nexus First, Oracle Opening, Phoenix Opening 

Get SALT Encoding   

  12  0:00  Probe (Chrono Boost)  
  13  0:11  Probe (Chrono Boost)  
  14  0:19  Pylon  
  14  0:22  Probe (Chrono Boost)  
  15  0:38  Probe (Chrono Boost)  
  16  0:48  Probe (Chrono Boost)  
  17  0:59  Nexus  
  17  1:09  Gateway  
  17  1:12  Probe (Chrono Boost)  
  17  1:17  Assimilator  
  18  1:22  Probe (Chrono Boost)  
  19  1:25  Assimilator  
  20  1:33  Probe (Chrono Boost)  
  20  1:43  Probe (Chrono Boost)  
  21  1:54  Probe (Chrono Boost)  
  22  1:56  Cybernetics Core  
  22  2:04  Probe (Chrono Boost)  
  23  2:11  Probe (Chrono Boost)  
  23  2:15  Probe (Chrono Boost)  
  25  2:22  Probe (Chrono Boost), Warp Gate  
  26  2:25  Probe (Chrono Boost)  
  26  2:27  Pylon  
  26  2:29  Adept  
  27  2:34  Probe (Chrono Boost)  
  27  2:36  Probe (Chrono Boost)  
  31  2:42  Stargate  
  31  2:46  Probe x2 (Chrono Boost)  
  32  2:52  Adept  
  32  2:58  Probe x2 (Chrono Boost)  
  36  3:06  Gateway  
  36  3:10  Probe (Chrono Boost)  
  36  3:11  Probe (Chrono Boost)  
  38  3:12  Gateway  
  38  3:21  Probe (Chrono Boost)  
  38  3:22  Oracle  
  38  3:23  Probe (Chrono Boost)  
  43  3:29  Pylon  
  43  3:33  Probe (Chrono Boost)  
  44  3:34  Twilight Council  
  44  3:39  Probe (Chrono Boost)  
  45  3:45  Assimilator, Probe (Chrono Boost)  
  45  3:47  Adept  
  48  3:52  Probe (Chrono Boost)  
  48  3:54  Phoenix  
  49  3:57  Pylon  
  49  3:58  Probe (Chrono Boost), Resonating Glaives  
  53  4:04  Probe (Chrono Boost)  
  53  4:24  Adept x2  
  53  4:27  Adept  
  53  4:30  Probe (Chrono Boost)  
  60  4:32  Probe (Chrono Boost)  
  60  4:36  Pylon  
  60  4:39  Nexus  
  60  4:41  Pylon  
  60  4:42  Probe (Chrono Boost)  
  61  4:47  Probe (Chrono Boost)  
  62  4:55  Adept x3  
  62  4:56  Probe (Chrono Boost)  
  62  4:58  Pylon  
  70  5:00  Probe (Chrono Boost)  
  70  5:06  Robotics Facility  
  70  5:10  Probe (Chrono Boost)  
  72  5:14  Pylon  
  72  5:15  Adept  
  72  5:16  Adept  
  72  5:17  Adept  
  72  5:21  Probe (Chrono Boost)  
  78  5:25  Assimilator  
  78  5:26  Probe (Chrono Boost)  
  79  5:33  Probe (Chrono Boost)  
  79  5:34  Forge  
  79  5:35  Sentry  
  82  5:38  Probe (Chrono Boost), Sentry  
  82  5:39  Sentry  
  87  5:49  Probe (Chrono Boost), Charge  
  88  5:52  Immortal  
  88  5:55  Probe (Chrono Boost)  
  88  5:56  Probe (Chrono Boost)  
  94  6:01  Probe (Chrono Boost)  
  95  6:07  Probe (Chrono Boost)  
  95  6:08  Probe (Chrono Boost)  
  97  6:12  Protoss Ground Weapons Level 1  
  97  6:13  Probe (Chrono Boost)  
  97  6:18  Probe (Chrono Boost)  
  100  6:19  Probe (Chrono Boost)  
  100  6:25  Assimilator, Probe (Chrono Boost)  
  97  6:29  Assimilator, Probe (Chrono Boost)  
  97  6:31  Probe (Chrono Boost), Immortal  
  97  6:32  Pylon  
  103  6:38  Probe (Chrono Boost)  
  105  6:40  Probe (Chrono Boost)  
  105  6:43  Probe (Chrono Boost)  
  105  6:45  Robotics Facility, Zealot  
  108  6:50  Probe x2 (Chrono Boost)  
  108  6:52  Gateway  
  108  6:53  Zealot x2, Gateway  
  115  6:56  Probe (Chrono Boost)  
  107  7:11  Probe (Chrono Boost)  
  107  7:13  Probe (Chrono Boost)  
  107  7:15  Probe (Chrono Boost)  
  104  7:19  Zealot x3  
  104  7:21  Immortal  
  110  7:26  Gateway  
  110  7:28  Gateway  
  110  7:29  Gateway  
  110  7:30  Immortal  
  110  7:35  Gateway  
  114  7:38  Templar Archives  
  114  7:41  Zealot  
  116  7:46  Pylon x2  
  116  7:48  Pylon  
  116  7:59  Immortal  
  119  8:06  Psionic Storm  
  119  8:07  Immortal  
  119  8:10  Zealot  
  125  8:15  Nexus  
  125  8:19  High Templar x2  
  129  8:20  High Templar x2  
  129  8:23  Pylon, Archon  
  129  8:24  Archon  
  133  8:27  Gateway  
  133  8:29  Pylon  
  133  8:30  Photon Cannon  
  133  8:35  High Templar x2  
  133  8:36  Observer  
  138  8:42  Zealot x3  
  138  8:44  Immortal  
  144  8:55  Warp Prism  
  148  8:58  High Templar  
  148  9:01  Zealot x2  
  153  9:03  High Templar  
  155  9:12  Photon Cannon  
  155  9:16  Pylon, Photon Cannon  
  155  9:22  High Templar  
  157  9:26  Pylon  
  157  9:27  Pylon  
  147  9:46  High Templar  
  147  9:47  High Templar x2  
  147  9:49  Archon  
  149  9:53  Zealot x3  
  115  10:04  Zealot x3  
  90  10:15  Zealot x3  
Show
View Real Time Build Order
Export as new Build Order

PandaBearMe Zerg - Winner!

Build Orders: Hatch First 

Get SALT Encoding   

  12  0:02  Drone  
  13  0:12  Overlord  
  13  0:17  Drone  
  14  0:30  Drone  
  14  0:31  Drone  
  16  0:49  Hatchery  
  15  0:53  Drone  
  16  0:58  Drone  
  16  0:59  Drone  
  18  1:12  Extractor  
  18  1:14  Spawning Pool  
  18  1:18  Drone  
  17  1:21  Drone  
  18  1:28  Drone  
  19  1:40  Drone  
  20  1:49  Overlord  
  20  2:01  Queen x2  
  20  2:03  Zergling x2  
  20  2:05  Drone  
  26  2:11  Metabolic Boost  
  26  2:14  Drone  
  28  2:15  Drone  
  28  2:24  Drone  
  28  2:25  Drone  
  30  2:39  Hatchery  
  29  2:45  Drone x2  
  29  2:50  Zergling x4  
  33  2:57  Overlord  
  33  3:01  Drone  
  33  3:05  Drone  
  35  3:07  Drone  
  36  3:16  Overlord  
  36  3:17  Drone x5  
  40  3:23  Queen  
  40  3:26  Drone  
  43  3:31  Lair  
  43  3:34  Drone  
  43  3:39  Zergling x2  
  43  3:40  Zergling x2  
  46  3:47  Spore Crawler  
  46  3:48  Drone x4  
  49  3:52  Drone  
  49  3:54  Drone  
  51  3:57  Drone  
  52  4:03  Drone  
  52  4:04  Overlord, Spore Crawler, Extractor  
  52  4:08  Drone, Spore Crawler  
  51  4:13  Queen  
  51  4:15  Drone x2  
  51  4:16  Drone  
  56  4:18  Overlord  
  52  4:33  Drone x3  
  52  4:34  Roach Warren  
  52  4:35  Drone, Overlord  
  55  4:40  Hydralisk Den  
  55  4:42  Overseer  
  54  4:45  Overlord  
  54  4:46  Zergling x4  
  54  4:49  Drone  
  57  4:53  Overlord  
  57  5:02  Zergling x6  
  57  5:03  Drone x2, Overlord  
  57  5:06  Drone x2  
  57  5:07  Drone x2  
  66  5:08  Drone  
  66  5:12  Evolution Chamber  
  66  5:17  Roach x2  
  66  5:18  Roach  
  72  5:22  Roach  
  72  5:23  Roach x2  
  72  5:26  Muscular Augments  
  78  5:34  Extractor  
  78  5:35  Drone  
  78  5:39  Roach x3  
  78  5:40  Zergling x8  
  88  5:45  Overlord  
  88  5:47  Drone  
  88  5:48  Zerg Melee Weapons Level 1  
  89  5:50  Overlord  
  89  5:55  Overlord, Extractor  
  88  5:58  Drone x2  
  88  5:59  Overlord, Extractor  
  89  6:10  Drone x2  
  89  6:11  Drone x4  
  94  6:12  Drone  
  93  6:20  Drone x2  
  93  6:21  Drone x2  
  96  6:30  Overlord  
  96  6:31  Drone x4  
  98  6:40  Overlord  
  98  6:41  Overlord  
  98  6:45  Hatchery  
  98  6:46  Hydralisk x4  
  104  6:53  Hydralisk  
  104  6:54  Baneling Nest  
  105  6:55  Drone x2  
  105  6:56  Drone  
  105  7:04  Zergling x2, Hydralisk x3  
  105  7:08  Zergling x4  
  105  7:15  Zergling x4  
  107  7:21  Drone x3  
  107  7:22  Drone  
  108  7:23  Drone  
  109  7:39  Centrifical Hooks  
  109  7:42  Drone x9  
  118  7:50  Drone  
  119  7:54  Hydralisk x3  
  125  8:05  Drone x2  
  127  8:06  Drone x3  
  127  8:08  Hydralisk x6  
  139  8:17  Zergling x6  
  139  8:18  Extractor  
  141  8:20  Zergling x2  
  141  8:25  Zergling x8  
  146  8:27  Zergling x6  
  146  8:30  Zergling x4  
  146  8:31  Extractor  
  150  8:37  Zergling x4  
  152  8:47  Overlord  
  152  8:48  Overlord x2  
  152  8:50  Overlord  
  152  8:53  Baneling x20  
  152  8:58  Overlord x2  
  152  9:05  Overlord  
  152  9:08  Zergling x22  
  163  9:10  Ravager  
  163  9:11  Ravager x2  
  163  9:12  Zergling x8  
  163  9:13  Baneling  
  163  9:14  Zergling x4, Baneling x7  
  172  9:18  Zergling x2  
  173  9:25  Zergling x12  
  173  9:29  Zergling x6  
  182  9:33  Zergling x4  
  181  9:42  Baneling x18  
  166  9:48  Zergling x8  
  166  9:52  Zergling x6  
  170  9:59  Zergling x18  
  165  10:00  Zergling x2  
  165  10:05  Infestation Pit  
Tags
 
Add a new tag
Caveats
  • Supply blocks, unpowered buildings, or Contaminate may cause inaccurate times.
  • Supply counts are checked every 10 seconds.